 Dungeon Crawl Stone Soup version 0.31-a0-441-g867994ef1c (webtiles) character file.

Game seed: 6511633662461839893

9626 Dittersdorf the Protected (level 11, -10/73 HPs)
             Began as a Gargoyle Fighter on Aug 2, 2023.
             Was a High Priest of Okawaru.
             Killed from afar by a starcursed mass (12 damage)
             ... with an accursed screaming
             ... on level 2 of the Abyss.
             The game lasted 00:14:57 (7211 turns).

Dittersdorf the Protected (Gargoyle Fighter)        Turns: 7211, Time: 00:14:58

Health: -10/73     AC: 26    Str: 25    XL:     11   Next: 49%
Magic:  11/11      EV: 10    Int:  8    God:    Okawaru [*****.]
Gold:   200        SH: 11    Dex:  9    Spells: 10/10 levels left

rFire   . . .        B - +0 morningstar (elec)
rCold   + + .        D - +1 kite shield
rNeg    + . .        A - +1 steam dragon scales
rPois   ∞            b - +2 helmet
rElec   +            n - +0 cloak
rCorr   +            (no gloves)
SInv    .            u - +0 pair of boots
Will    .....        e - amulet of regeneration
Stlth   +            f - ring of Zin's Grace {rC++ rCorr AC+4}
HPRegen 1.12/turn    (no ring)
MPRegen 0.12/turn

%: no passive effects
@: no status effects
A: sickness immunity, AC +8, negative energy resistance 1, electricity
resistance, torment resistance 1, petrification resistance
a: Renounce Religion, Heroism, Finesse, Duel


You were on level 2 of the Abyss.
You worshipped Okawaru.
Okawaru was extremely pleased with you.
You visited 2 branches of the dungeon, and saw 11 of its levels.
You visited the Abyss 1 time.

You collected 395 gold pieces.
You spent 195 gold pieces at shops.

Inventory:

Hand Weapons
 B - a +0 morningstar of electrocution (weapon)
Missiles
 C - 9 curare-tipped darts (quivered)
Armour
 b - a +2 helmet (worn)
 n - a +0 cloak (worn)
 u - a +0 pair of boots (worn)
 A - +1 steam dragon scales (worn)
 D - a +1 kite shield (worn)
Jewellery
 e - an amulet of regeneration (around neck)
 f - the ring of Zin's Grace (left hand) {rC++ rCorr AC+4}
   (You acquired it on level 6 of the Dungeon)

   [ring of protection]

   AC:        It affects your AC (+4).
   rC:        It greatly protects you from cold.
   rCorr:     It protects you from acid and corrosion.
 r - a ring of fire
Wands
 m - a wand of roots (10)
 w - a wand of acid (3)
 y - a wand of digging (9)
Scrolls
 g - 3 scrolls of poison
 i - a scroll of fog
 j - 3 scrolls of teleportation
 k - 2 scrolls of fear
 l - a scroll of brand weapon
 p - a scroll of blinking
 q - 2 scrolls of revelation
Potions
 a - 2 potions of invisibility {unknown}
 d - a potion of might
 h - a potion of mutation
 o - a potion of magic
 s - a potion of berserk rage {unknown}
 t - 2 potions of haste {unknown}
 v - a potion of enlightenment
 x - 5 potions of curing
 z - a potion of heal wounds


   Skills:
 + Level 10.3 Fighting
 + Level 9.2 Maces & Flails
 + Level 10.3 Armour
 + Level 10.3 Shields


You had 10 spell levels left.
You didn't know any spells.
Your spell library contained the following spells:

 Spells                   Type           Power      Damage    Failure   Level
 Necrotise                Necr           0%         1d4       58%         1
 Sandblast                Erth           0%         2d4       58%         1
 Passwall                 Tmut/Erth      0%         N/A       73%         2
 Scorch                   Fire           0%         2d5       73%         2
 Portal Projectile        Hex/Tloc       0%         N/A       91%         3
 Stone Arrow              Conj/Erth      0%         3d7       91%         3
 Vampiric Draining        Necr           0%         2d6       91%         3
 Flame Wave               Conj/Fire      0%         2d4       100%        4
 Leda's Liquefaction      Hex/Erth       0%         N/A       100%        4
 Agony                    Necr           0%         N/A       100%        5
 Call Canine Familiar     Summ           Unusable   N/A       N/A         3
 Summon Cactus Giant      Summ           Unusable   N/A       N/A         6

Dungeon Overview and Level Annotations

Branches:
Dungeon (10/15)            Temple (1/1) D:6
   Lair: D:8-11         Orc: D:9-12

Altars:
Ashenzari
Cheibriados
Dithmenos
Elyvilon
Fedhas
Gozag
Hepliaklqana
Kikubaaqudgha
Makhleb
Nemelex Xobeh
Okawaru
Qazlal
Ru
Sif Muna
Trog
Uskayaw
Vehumet
Wu Jian
Xom
Yredelemnul
Zin
The Shining One

Shops:
D:6 =[=   D:8 (

Annotations:
D:10 Psyche


Innate Abilities, Weirdness & Mutations

You are immune to sickness and miasma.
Your stone body is resilient. (AC +8)
You are immune to poison.
You resist negative energy. (rN+)
You are resistant to electric shocks. (rElec)
You are resistant to unholy torment.
You are immune to petrification.


Message History

You can move again.
You hit the raiju but do no damage.
The raiju is moderately wounded.
You block the raiju's attack.
A deafening chorus of shrieks assaults your mind!
The starcursed mass touches you but does no damage. x2
You closely miss the raiju.
The raiju is moderately wounded.
The raiju bites you but does no damage. The starcursed mass touches you!
* * * LOW HITPOINT WARNING * * *
The starcursed mass touches you but does no damage.
You barely miss the raiju.
The raiju is moderately wounded.
The raiju bites you but does no damage.
The starcursed mass touches you but does no damage. x2
You miss the raiju.
The raiju is moderately wounded.
The raiju bites you but does no damage. The starcursed mass closely misses you.
The raiju bites you but does no damage.
You closely miss the raiju.
The raiju is moderately wounded.
The starcursed mass touches you but does no damage.
The raiju bites you but does no damage.
You puncture the raiju!
The raiju is heavily wounded.
A deafening chorus of shrieks assaults your mind!
* * * LOW HITPOINT WARNING * * *
You suddenly lose the ability to move!
The starcursed mass touches you but does no damage.
The raiju bites you.
* * * LOW HITPOINT WARNING * * *
The raiju shocks you. You resist.
* * * LOW HITPOINT WARNING * * *
The starcursed mass touches you but does no damage.
You can move again.
You closely miss the raiju.
The raiju is heavily wounded.
You block the starcursed mass's attack. You block the raiju's attack.
A deafening chorus of shrieks assaults your mind!
You die...

.. . ......
...§. ....
###.# #
...#X#
#X#X##### .#
#XXX#.. . #
#@####.#####
##h......#
..#.##.#
#.#.#.. . #.
.# ###... #
. .# .. .
### # . .# #
# .


You could see 6 starcursed masses and a raiju.

Vanquished Creatures
  Pikel (D:4)
  Maggie (D:6)
  2 orange demons (Abyss:2)
  A centaur skeleton (Abyss:2)
  An ancient zyme (Abyss:2)
  2 trolls
  4 raiju (Abyss:2)
  2 ynoxinuls (Abyss:2)
  5 wyverns
  A steam dragon (D:7)
  Eustachio (D:6)
  9 yaks (D:9)
  A chaos spawn (Abyss:2)
  Menkaure (D:5)
  2 water moccasins
  A small abomination (Abyss:2)
  An ice beast (D:6)
  2 orc warriors (D:9)
  3 sky beasts
  3 ogres
  6 centaurs
  A lemure (D:4)
  3 bullfrogs
  Blork the orc (D:4)
  A gnoll sergeant (D:8)
  6 scorpions
  3 wights (D:9)
  7 killer bees (D:8)
  2 vampire bats (D:6)
  2 howler monkeys (D:9)
  Crazy Yiuf (D:6)
  2 orc priests
  5 hounds
  A jelly (D:4)
  4 iguanas
  12 orc wizards
  8 adders
  8 gnolls
  3 shadow imps
  A white imp (D:7)
  2 worms
  2 dart slugs
  29 orcs
  12 bats
  8 endoplasms
  3 giant cockroaches
  4 goblins
  6 hobgoblins
  3 quokkas
  10 ball pythons
  4 frilled lizards
  8 kobolds
  3 rats
215 creatures vanquished.

Vanquished Creatures (others)
  2 orc wizards (D:4)
  An orc (D:8)
  4 starspawn tentacles (Abyss:2)
7 creatures vanquished.

Grand Total: 222 creatures vanquished

Notes
Turn   | Place    | Note
-------+----------+-------------------------------------------
     0 | D:1      | Dittersdorf the Gargoyle Fighter began the quest for the
                  | Orb.
     0 | D:1      | Reached XP level 1. HP: 14/14 MP: 1/1
    45 | D:1      | Reached XP level 2. HP: 19/19 MP: 2/2
   557 | D:2      | Reached XP level 3. HP: 21/23 MP: 3/3
  1261 | D:3      | Reached XP level 4. HP: 20/29 MP: 4/4
  1655 | D:4      | Noticed a scorpion
  1665 | D:4      | Killed a scorpion
  1666 | D:4      | Reached XP level 5. HP: 33/33 MP: 5/5
  1876 | D:4      | Reached XP level 6. HP: 31/39 MP: 6/6
  1887 | D:4      | Noticed Blork the orc
  1940 | D:4      | Killed Blork the orc
  1947 | D:4      | Reached skill level 5 in Shields
  1961 | D:4      | Reached skill level 5 in Fighting
  2002 | D:4      | Reached skill level 5 in Armour
  2002 | D:4      | Reached XP level 7. HP: 29/44 MP: 7/7
  2316 | D:4      | Noticed Pikel
  2331 | D:4      | Killed Pikel
  2332 | D:4      | Reached skill level 5 in Maces & Flails
  2332 | D:4      | Reached XP level 8. HP: 17/51 MP: 8/8
  3078 | D:5      | Entered Level 5 of the Dungeon
  3232 | D:5      | Found a white marble altar of Elyvilon.
  3358 | D:5      | Noticed Menkaure
  3368 | D:5      | Killed Menkaure
  3745 | D:6      | Noticed Eustachio
  3747 | D:6      | Reached XP level 9. HP: 53/56 MP: 9/9
  3752 | D:6      | Killed Eustachio
  3753 | D:6      | Found Upnao's Jewellery Boutique.
  3759 | D:6      | Identified a scroll of acquirement
  3759 | D:6      | Acquired the ring of Zin's Grace {rC++ rCorr AC+4}
  3791 | D:6      | Found a staircase to the Ecumenical Temple.
  3801 | Temple   | Entered the Ecumenical Temple
  3852 | Temple   | Became a worshipper of Warmaster Okawaru
  3947 | D:6      | Found Death's Antique Armour Shoppe.
  3948 | D:6      | Noticed Maggie
  3981 | D:6      | Killed Maggie
  3981 | D:6      | Reached * piety under Okawaru
  4136 | D:6      | Bought a runed helmet for 195 gold pieces
  4288 | D:6      | Found Jalahou's Jewellery Shop.
  4452 | D:6      | Found a runed translucent door.
  4453 | D:6      | Noticed Crazy Yiuf
  4538 | D:6      | Found a shadowy altar of Dithmenos.
  4583 | D:6      | Found a shimmering altar of Xom.
  4678 | D:6      | Killed Crazy Yiuf
  4774 | D:7      | Reached ** piety under Okawaru
  4775 | D:7      | Reached XP level 10. HP: 64/64 MP: 10/10
  5424 | D:8      | Found a blossoming altar of Fedhas.
  6066 | D:8      | Found Moneps's Antique Weapon Shop.
  6257 | D:9      | Reached *** piety under Okawaru
  6531 | D:9      | Reached **** piety under Okawaru
  6546 | D:9      | Reached XP level 11. HP: 38/71 MP: 11/11
  6808 | D:10     | Entered Level 10 of the Dungeon
  6893 | D:10     | Noticed Psyche
  6903 | Abyss:2  | Cast into level 2 of the Abyss (Psyche)
  7000 | Abyss:2  | Reached skill level 10 in Fighting
  7000 | Abyss:2  | Reached skill level 10 in Shields
  7042 | Abyss:2  | Reached skill level 10 in Armour
  7045 | Abyss:2  | Reached ***** piety under Okawaru
  7132 | Abyss:2  | Noticed a tentacled starspawn
  7133 | Abyss:2  | Noticed a rakshasa
  7140 | Abyss:2  | Noticed a thrashing horror
  7183 | Abyss:2  | Noticed a starcursed mass
  7204 | Abyss:2  | Paralysed by accursed screaming for 1 turns
  7210 | Abyss:2  | Paralysed by accursed screaming for 1 turns
  7210 | Abyss:2  | HP: 3/73 [raiju (6)]
  7210 | Abyss:2  | HP: 1/73 [raiju (2)]
  7211 | Abyss:2  | Killed from afar by a starcursed mass

Illustrated notes

Levels and vault maps discovered:
D:1:      co_arrival_hexagon_in_a_hexagon, layout_rooms
D:2:      layout_basic, minmay_fractal_squares_gapless_5
D:3:      layout_rooms, glass_columns_a, guppyfry_early_lair_pool
D:4:      layout_layer_cave, minmay_puff, uniq_blork_the_orc, uniq_pikel
D:5:      layout_rooms, nicolae_elyvilon_peaceful_grove, uniq_menkaure
D:6:      layout_cave_pools, mainiacjoe_overflow_two_lobes,
          minmay_temple_entry_proselytizer, serial_shops,
          nicolae_shop_tiny_real_fake_doors, shop,
          nicolae_shop_tiny_real_fake_doors, roderic_batcave,
          uniq_crazy_yiuf_cottage, uniq_eustachio, uniq_maggie
D:7:      layout_rooms, amcnicky_mini_rare_corridor_liquid
D:8:      layout_cave_pods, fedhas_bush_and_centaur_altar, serial_shops, shop
D:9:      layout_rooms
D:10:     layout_basic, lair_entry_dummy, uniq_psyche
Temple:   dpeg_five_rooms_temple
Abyss:2:  base: D:10, hangedman_abyss_stitches_cave

Skill      XL: |  1  2  3  4  5  6  7  8  9 10 11 |
---------------+----------------------------------+-----
Shields        | 4 5 6 7 8 9 10 | 10.3
Fighting       | 4 5 6 8 9 10 | 10.3
Maces & Flails | 3 4 5 7 8 9 |  9.2
Armour         | 4 5 6 8 9 10 | 10.3

Action                     |  1- 3 |  4- 6 |  7- 9 | 10-12 || total
---------------------------+-------+-------+-------+-------++-------
  Melee: Flail             |   148 |   170 |   352 |   312 ||   982
         Morningstar       |       |       |       |   152 ||   152
 Invoke: Heroism           |       |       |       |     2 ||     2
  Evoke: Wand              |       |       |     6 |       ||     6
    Use: Scroll            |       |     7 |    10 |     5 ||    22
         Potion            |       |       |     1 |       ||     1
 Armour: Scale mail        |    83 |   130 |   179 |       ||   392
         Steam dragon scal |       |       |    95 |   306 ||   401
  Dodge: Dodged            |    79 |    72 |   200 |   269 ||   620
  Block: Buckler           |    27 |    34 |    91 |    65 ||   217
         Kite shield       |       |       |       |   186 ||   186

Table legend: (Time is in decaauts)
 A = Elapsed time spent in this place.
 B = Non-inter-level travel time spent in this place.
 C = Inter-level travel time spent in this place.
 D = Time resting spent in this place.
 E = Time spent auto-exploring this place.
 F = Levels seen in this place.
 G = Mean time per level.
                   A        B        C        D        E       F      G
               +--------+--------+--------+--------+--------+-----+--------+
         Total |   7390 |   7025 |    365 |    409 |   4343 |  12 |  615.8 |
       Dungeon |   6973 |   6701 |    272 |    351 |   4343 |  10 |  697.3 |
        Temple |    100 |      7 |     93 |      0 |      0 |   1 |  100.0 |
         Abyss |    316 |    316 |      0 |     58 |      0 |   1 |  316.0 |
               +--------+--------+--------+--------+--------+-----+--------+

Top non-repeatable levels by time:
     D:4: 1620 daAuts
     D:8: 1022 daAuts
     D:6: 933 daAuts
     D:9: 654 daAuts
     D:2: 617 daAuts
     D:3: 601 daAuts
     D:5: 498 daAuts
     D:1: 482 daAuts
     D:7: 475 daAuts
 Abyss:2: 316 daAuts
  Temple: 100 daAuts
    D:10: 66 daAuts
